 Dungeon Crawl Stone Soup version 0.23.2-30-g0e89c35649 (webtiles) character file.

Game seed: 9014069781006282198

357 jjfam the Chopper (level 6, -2/53 HPs)
             Began as a Hill Orc Fighter on June 11, 2019.
             Slain by bmj180's ghost (6 damage)
             ... on level 4 of the Dungeon.
             The game lasted 00:09:45 (3256 turns).

jjfam the Chopper (Hill Orc Fighter)                Turns: 3256, Time: 00:09:45

Health: -2/53      AC: 12    Str: 25    XL:     6   Next: 64%
Magic:  6/6        EV:  6    Int:  8    God:
Gold:   202        SH: 10    Dex: 11    Spells: 5/5 levels left

rFire    . . .     SeeInvis .   a - +0 war axe
rCold    + . .     Gourm    +   c - +0 shield
rNeg     . . .     Faith    .   y - +2 chain mail {rC+}
rPois    .         Spirit   .   p - +0 helmet
rElec    .         Reflect  .   v - scarf {cloud immunity}
rCorr    .         Harm     .   (no gloves)
MR       .....                  (no boots)
Stlth    ..........             o - amulet of the gourmand
HPRegen  0.17/turn              q - +1 ring of slaying
MPRegen  0.10/turn              (no ring)

@: mighty
A: no striking features
a: no special abilities


You were on level 4 of the Dungeon.
You were completely stuffed.

You visited 1 branch of the dungeon, and saw 4 of its levels.

You collected 202 gold pieces.

Inventory:

Hand Weapons
 a - a +0 war axe (weapon)
 j - a +0 hunting sling
Armour
 c - a +0 shield (worn)
 g - a scarf of resistance
 p - a +0 helmet (worn)
 v - a scarf of cloud immunity (worn)
 y - a +2 chain mail of cold resistance (worn)
Jewellery
 o - an amulet of the gourmand (around neck)
 q - a +1 ring of slaying (left hand)
Scrolls
 e - a scroll of immolation {unknown}
 i - 2 scrolls of random uselessness
 k - 4 scrolls of teleportation {unknown}
 m - a scroll of identify
 r - 2 scrolls of enchant weapon {unknown}
 u - a scroll of enchant armour {unknown}
 w - a scroll of fog {unknown}
Potions
 b - a potion of cancellation {unknown}
 h - a potion of haste {unknown}
 l - a potion of invisibility {unknown}
 n - 2 potions of agility
 s - 2 potions of flight {unknown}
 t - a potion of brilliance {unknown}
 z - a potion of curing {unknown}
Comestibles
 f - 4 rations
 x - 2 chunks of flesh


   Skills:
 + Level 4.6 Fighting
 * Level 6.3 Axes
 + Level 4.7 Armour
 + Level 0.9 Dodging
 + Level 0.8 Stealth
 - Level 4.0 Shields


You had 5 spell levels left.
You didn't know any spells.
Your spell library was empty.

Dungeon Overview and Level Annotations

Branches:
Dungeon (4/15)
 Temple: D:4-7

Altars:
Cheibriados
Dithmenos
Qazlal
Yredelemnul

Annotations:
D:4 1 transporter, bmj180's ghost, novice HuBe


Message History

* * * LOW HITPOINT WARNING * * *
The centaur hits you but does no damage.
You block bmj180's ghost's attack.
Unknown command.
As you read the scroll labeled BIHINL GAHYH, it crumbles to dust.
Your +0 war axe glows mottled green for a moment.
It was a scroll of random uselessness.
You block the centaur's attack.
Bmj180's ghost hits you but does no damage.
The centaur hits you.
* * * LOW HITPOINT WARNING * * *
Unknown command.
As you read the scroll labeled EBAPIGIANOX, it crumbles to dust.
It is a scroll of identify.
n - 2 potions of agility You block the centaur's attack.
You block bmj180's ghost's attack.
You feel very mighty all of a sudden. The centaur hits you.
* * * LOW HITPOINT WARNING * * *
Bmj180's ghost hits you.
You die...

##.....©.......#
#..#########...#
#.##8..?$.8##..#
#.#..(......#..#
#.#.#.....#.#..#
#.#..#...#..#..#
#.#....©..).#..#
#.#..#...#..#..#
#.#.#..@..#.#..#
#.#©...Wc...#..#########
#.##8.....8##...........
#..#########..(.....##..
##.....©......###.######
#####...###..###.# #
###.####.#....# #
#..........####
#######.######.###


You could see a centaur and bmj180's ghost.

Vanquished Creatures
  An ogre (D:4)
  A bullfrog (D:3)
  A worker ant (D:3)
  4 gnolls
  7 adders
  2 oozes
  3 worms
  3 dart slugs
  3 leopard geckos (D:1)
  6 orcs
  7 bats
  2 giant cockroaches
  5 goblins
  2 hobgoblins
  4 jackals (D:3)
  A ball python (D:1)
  3 frilled lizards
  4 kobolds
  3 rats
62 creatures vanquished.

Notes
Turn   | Place    | Note
-------+----------+-------------------------------------------
     0 | D:1      | jjfam the Hill Orc Fighter began the quest for the Orb.
     0 | D:1      | Reached XP level 1. HP: 19/19 MP: 1/1
   181 | D:1      | Reached XP level 2. HP: 27/27 MP: 2/2
   457 | D:1      | Reached XP level 3. HP: 17/33 MP: 3/3
  1026 | D:2      | Reached skill level 3 in Axes
  1180 | D:2      | Reached XP level 4. HP: 39/40 MP: 4/4
  1340 | D:2      | Found a basalt altar of Yredelemnul.
  1741 | D:3      | Noticed a bullfrog
  1749 | D:3      | Killed a bullfrog
  1749 | D:3      | Reached skill level 4 in Axes
  1749 | D:3      | Reached XP level 5. HP: 39/47 MP: 5/5
  1879 | D:3      | Found a shadowy altar of Dithmenos.
  1942 | D:3      | Reached skill level 5 in Axes
  2362 | D:3      | Found a snail-covered altar of Cheibriados.
  2449 | D:3      | Found a faded altar of an unknown god.
  2471 | D:3      | Reached XP level 6. HP: 52/53 MP: 6/6
  2926 | D:4      | Found a stormy altar of Qazlal.
  2930 | D:4      | Reached skill level 6 in Axes
  3183 | D:4      | Noticed bmj180's ghost (novice HuBe)
  3184 | D:4      | Found a transporter.
  3207 | D:4      | Found a transporter.
  3256 | D:4      | Slain by bmj180's ghost

Skill      XL: |  1  2  3  4  5  6 |
---------------+-------------------+-----
Fighting       | 4 |  4.6
Axes           | 3 4 5 6 |  6.3
Armour         | 4 |  4.7
Shields        | 4 |  4.0
Dodging        | |  0.9
Stealth        | |  0.8

Action                   |  1- 3 |  4- 6 || total
-------------------------+-------+-------++-------
Melee: War axe           |    82 |   141 ||   223
  Use: Scroll            |       |     2 ||     2
       Potion            |       |     1 ||     1
  Eat: Chunk             |     1 |    18 ||    19
Armor: Scale mail        |    53 |    75 ||   128
       Chain mail        |       |     5 ||     5
Dodge: Dodged            |    33 |    60 ||    93
Block: Shield            |    36 |    89 ||   125
